 Dungeon Crawl Stone Soup version 0.30-a0-1116-gebefce21f7 (webtiles) character file.

Game seed: 9926584816956427715

161 BlueFalcon the Chopper (level 5, -1/47 HPs)
             Began as a Ghoul Monk on Apr 21, 2023.
             Slain by a sky beast (5 damage)
             ... on level 4 of the Dungeon.
             The game lasted 00:08:10 (2825 turns).

BlueFalcon the Chopper (Ghoul Monk)                 Turns: 2825, Time: 00:08:11

Health: -1/47      AC:  3    Str: 21    XL:     5   Next: 42%
Magic:  5/5        EV: 12    Int:  7    God:
Gold:   130        SH:  0    Dex: 11    Spells: 5/5 levels left

rFire   . . .      SeeInvis .    a - +1 hand axe
rCold   + . .      Faith    .    d - orb {light}
rNeg    + + +      Spirit   .    f - +0 leather armour
rPois   ∞          Reflect  .    (no helmet)
rElec   .          Rampage  .    (no cloak)
rCorr   .                        (no gloves)
Will    +....                    (no boots)
Stlth   +                        (no amulet)
HPRegen 0.00/turn                h - ring of willpower
MPRegen 0.09/turn                j - +6 ring of strength

@: inhibited regen, glowing
A: claws 1, cold resistance 1, negative energy resistance 3, inhibited
regeneration, torment resistance 2, devour on kill
a: no special abilities


You were on level 4 of the Dungeon.
You visited 1 branch of the dungeon, and saw 4 of its levels.

You collected 130 gold pieces.

Inventory:

Hand Weapons
 a - a +1 hand axe (weapon)
 k - a +2 short sword of venom
Missiles
 p - 3 poisoned darts (quivered)
Armour
 d - an orb of light (worn)
 f - a +0 leather armour (worn)
Jewellery
 h - a ring of willpower (left claw)
 j - a +6 ring of strength (right claw)
Scrolls
 b - a scroll of vulnerability
 e - a scroll of teleportation
 i - a scroll of enchant armour
 l - 2 scrolls of fog
 n - a scroll of poison
 s - a scroll of amnesia
 t - a scroll of identify
Potions
 c - 3 potions of ambrosia
 g - a potion of curing
 m - a potion of invisibility
 q - a potion of berserk rage {unknown}
 r - a potion of flight {unknown}


   Skills:
 + Level 4.4 Fighting
 * Level 4.5 Axes
 - Level 2.6 Dodging
 + Level 0.9 Spellcasting


You had 5 spell levels left.
You didn't know any spells.
Your spell library contained the following spells:

 Spells                   Type           Power      Damage    Failure   Level
 Blink                    Tloc           0%         N/A       58%         2
 Manifold Assault         Tloc           0%         N/A       99%         4
 Storm Form               Tmut/Air       Unusable   N/A       N/A         7

Dungeon Overview and Level Annotations

Branches:
Dungeon (4/15)             Temple (0/1) D:4

Altars:
Ashenzari
Dithmenos
Fedhas
Kikubaaqudgha
Nemelex Xobeh
Ru
Trog
Uskayaw


Innate Abilities, Weirdness & Mutations

You are immune to poison.
You have sharp fingernails.
Your flesh is cold resistant. (rC+)
You are immune to negative energy. (rN+++)
You do not regenerate when monsters are visible.
You are immune to unholy pain and torment.
You thrive by killing the living.


Message History

There is a stone staircase leading up here.
You hit the sky beast but do no damage. The sky beast hits you.
The sky beast shocks you.
You hit the sky beast but do no damage. The sky beast barely misses you.
The sky beast flickers out of sight for a moment.
The sky beast hits you. The sky beast shocks you.
You closely miss the sky beast. The sky beast misses you.
You hit the sky beast but do no damage. The sky beast closely misses you.
You barely miss the sky beast. The sky beast closely misses you.
You barely miss the sky beast. The sky beast hits you.
The sky beast shocks you.
You barely miss the sky beast. The sky beast barely misses you.
You hit the sky beast but do no damage. The sky beast closely misses you.
You hit the sky beast.
The sky beast is lightly wounded.
The sky beast hits you. The sky beast shocks you.
You hit the sky beast.
The sky beast is lightly wounded.
The sky beast barely misses you.
You hit the sky beast but do no damage.
The sky beast is lightly wounded.
The sky beast misses you.
You barely miss the sky beast.
The sky beast is lightly wounded.
The sky beast hits you but does no damage.
You hit the sky beast.
The sky beast is moderately wounded.
The sky beast hits you.
* * * LOW HITPOINT WARNING * * *
The sky beast shocks you.
* * * LOW HITPOINT WARNING * * *
You hit the sky beast.
The sky beast is heavily wounded.
The sky beast hits you but does no damage.
You barely miss the sky beast.
The sky beast is heavily wounded.
The sky beast hits you.
* * * LOW HITPOINT WARNING * * *
The sky beast shocks you.
You die...

#............
#..#.#.#...#
+###..........##
.....#.8.#.....+
...#.......#...#
#...8.§.8...#.#####
...#.......#...#...##
.....#.8.#...#Y.....#
.............#@..<..#
......#.#....#......+
.
####......##.......##
.#
##+.#.#######...###..#
.... #.......... ^#
#..........
##....##... ###### ..
.


You could see a sky beast (invisible).

Vanquished Creatures
  Natasha (thrice) (D:2)
  An adder (D:2)
  A dart slug (D:2)
  4 ball pythons
  8 bats
  7 endoplasms
  4 giant cockroaches
  7 hobgoblins
  7 jackals
  9 kobolds
  3 quokkas
  2 frilled lizards
  5 goblins
  4 rats
65 creatures vanquished.

Vanquished Creatures (others)
  2 fungi (D:1)
  11 plants (D:2)
13 creatures vanquished.

Grand Total: 78 creatures vanquished

Notes
Turn   | Place    | Note
-------+----------+-------------------------------------------
     0 | D:1      | BlueFalcon the Ghoul Monk began the quest for the Orb.
     0 | D:1      | Reached XP level 1. HP: 19/19 MP: 0/0
   161 | D:2      | Reached XP level 2. HP: 26/26 MP: 1/1
   442 | D:1      | Reached XP level 3. HP: 32/33 MP: 2/2
   744 | D:2      | Noticed Natasha
   759 | D:2      | Killed Natasha
   760 | D:2      | Reached XP level 4. HP: 19/40 MP: 3/3
  1243 | D:2      | Noticed Natasha
  1252 | D:2      | Killed Natasha
  1253 | D:2      | Reached XP level 5. HP: 26/46 MP: 4/4
  1501 | D:2      | Noticed Natasha
  1521 | D:2      | Killed Natasha
  2052 | D:3      | Found a bloodstained altar of Trog.
  2054 | D:3      | Found a sacrificial altar of Ru.
  2057 | D:3      | Found an ancient bone altar of Kikubaaqudgha.
  2064 | D:3      | Found a sparkling altar of Nemelex Xobeh.
  2065 | D:3      | Found a broken altar of Ashenzari.
  2070 | D:3      | Found a blossoming altar of Fedhas.
  2076 | D:3      | Found a shadowy altar of Dithmenos.
  2077 | D:3      | Found a hide-covered altar of Uskayaw.
  2529 | D:4      | Found a staircase to the Ecumenical Temple.
  2536 | D:4      | Noticed a sky beast
  2825 | D:4      | Slain by a sky beast

Illustrated notes

Levels and vault maps discovered:
D:1:      minmay_arrival_wavy_path, layout_rooms, dreamdust_mushroom_princess
D:2:      layout_basic, serial_glass, glass_columns_b, glass_columns_b,
          glass_columns_c, glass_columns_b, basic_altar, chequers_big_river,
          minmay_misc_feat_roman, minmay_split_cup_small, uniq_natasha
D:3:      layout_loops_cross, nicolae_overflow_hallway_of_the_gods
D:4:      layout_gridville, minmay_temple_entry_sparse_star

Skill      XL: |  1  2  3 |
---------------+----------+-----
Axes           | 3 4 |  4.5
Fighting       | 4 |  4.4
Dodging        | |  2.6
Spellcasting   | |  0.9

Action                     |  1- 3 |  4- 6 || total
---------------------------+-------+-------++-------
  Melee: Hand axe          |    88 |   111 ||   199
    Use: Scroll            |     3 |    11 ||    14
         Potion            |       |     1 ||     1
 Armour: Robe              |    22 |       ||    22
         Leather armour    |       |    39 ||    39
  Dodge: Dodged            |    77 |    69 ||   146

Table legend: (Time is in decaauts)
 A = Elapsed time spent in this place.
 B = Non-inter-level travel time spent in this place.
 C = Inter-level travel time spent in this place.
 D = Time resting spent in this place.
 E = Time spent auto-exploring this place.
 F = Levels seen in this place.
 G = Mean time per level.
                   A        B        C        D        E       F      G
               +--------+--------+--------+--------+--------+-----+--------+
         Total |   2858 |   2746 |    112 |    351 |   1613 |   4 |  714.5 |
       Dungeon |   2858 |   2746 |    112 |    351 |   1613 |   4 |  714.5 |
               +--------+--------+--------+--------+--------+-----+--------+

Top non-repeatable levels by time:
     D:2: 1149 daAuts
     D:3: 1017 daAuts
     D:1: 585 daAuts
     D:4: 105 daAuts
